 Dungeon Crawl Stone Soup version 0.31-a0-1009-g454b1f1e0a (webtiles) character file.

Game seed: 18003889095905390924

17391 Avanven the Brawler (level 12, -3/76 HPs)
             Began as a Demonspawn Shapeshifter on Nov 12, 2023.
             Was a Priest of Qazlal.
             Slain by a troll (12 damage)
             ... on level 12 of the Dungeon on Nov 14, 2023.
             The game lasted 00:30:42 (13826 turns).

Avanven the Brawler (Demonspawn Shapeshifter)      Turns: 13826, Time: 00:30:43

Health: -3/76      AC:  5    Str: 25    XL:     12   Next: 18%
Magic:  12/12      EV: 13    Int: 16    God:    Qazlal [***...]
Gold:   789        SH:  3    Dex: 17    Spells: 11/11 levels left

rFire   . .          .
                       - Unarmed
rCold   + . .        (shield currently unavailable)
rNeg    + . .        J - +2 robe {rC+}
rPois   .            (helmet unavailable)
rElec   .            F - +0 cloak {rCorr}
rCorr   +            (no gloves)
SInv    +            (no boots)
Will    .....        C - macabre finger necklace {Finger+ rN+}
Stlth   +            o - +6 ring of strength
HPRegen 0.32/turn    l - +6 ring of dexterity
MPRegen 0.13/turn    w - ring of see invisible

%: clarity
@: flux-form, glowing, studying Throwing
A: glow, contaminating, horns 3, foul stench 2, weakness stinger 2, demonic
touch 2, talons 1, clarity, clever 1
a: Begin Untransformation, Renounce Religion, Upheaval, Elemental Force


You were on level 12 of the Dungeon.
You worshipped Qazlal.
Qazlal was most pleased with you.
You were something dangerously unstable.
You visited 2 branches of the dungeon, and saw 13 of its levels.
You also visited: Ossuary.

You collected 789 gold pieces.

Inventory:

Missiles
 e - a throwing net
 f - 3 curare-tipped darts (quivered)
Armour
 F - a +0 cloak of preservation (worn)
 G - an orb of mayhem
 J - a +2 robe of cold resistance (worn)
Jewellery
 l - a +6 ring of dexterity (right hand)
 o - a +6 ring of strength (left hand)
 w - a ring of see invisible (on amulet)
 C - the macabre finger necklace (around neck) {Finger+ rN+}
   (You found it on level 7 of the Dungeon)

   [amulet of nothing]

   Finger+:   It enables you to equip an extra ring.
   rN+:       It protects you from negative energy.
 H - a ring of positive energy
Talismans
 c - a beast talisman
 d - a flux talisman (active)
 s - a maw talisman
Wands
 a - a wand of polymorph (5)
 b - a wand of light (9)
 k - a wand of mindburst (9)
 B - a wand of iceblast (9)
 K - a wand of flame (18)
Scrolls
 g - 2 scrolls of immolation
 h - 4 scrolls of fear
 p - 2 scrolls of teleportation
 y - a scroll of butterflies
 E - a scroll of fog
Potions
 i - 2 potions of ambrosia {unknown}
 j - 2 potions of invisibility {unknown}
 m - 4 potions of cancellation
 n - a potion of resistance {unknown}
 q - 2 potions of brilliance
 r - 2 potions of magic {unknown}
 t - a potion of curing
 u - 3 potions of enlightenment
 z - 5 potions of attraction {unknown}
 A - 2 potions of mutation
 D - 3 potions of degeneration {unknown}


   Skills:
 - Level 1.0 Fighting
 + Level 3.5 Dodging
 * Level 15.1 Unarmed Combat
 - Level 10.0 Shapeshifting


You had 11 spell levels left.
You didn't know any spells.
Your spell library contained the following spells:

 Spells                   Type           Power      Damage    Failure   Level
 Sandblast                Erth           0%         2d4       26%         1
 Slow                     Hex            0%         N/A       26%         1
 Summon Small Mammal      Summ           0%         N/A       26%         1
 Cigotuvi's Dreadful Rot  Necr/Pois/Air  0%         N/A       36%         2
 Passwall                 Tmut/Erth      0%         N/A       36%         2
 Sublimation of Blood     Necr           0%         N/A       36%         2
 Wereblood                Tmut           0%         N/A       36%         2
 Call Canine Familiar     Summ           0%         N/A       58%         3
 Confusing Touch          Hex            0%         N/A       58%         3
 Inner Flame              Hex/Fire       0%         N/A       58%         3
 Sigil of Binding         Hex            0%         N/A       58%         3
 Stone Arrow              Conj/Erth      0%         3d7       58%         3
 Summon Guardian Golem    Hex/Summ       0%         N/A       58%         3
 Vampiric Draining        Necr           0%         2d6       58%         3
 Brom's Barrelling Bould  Conj/Erth      0%         2d3       94%         4
 Dispel Undead            Necr           0%         3d6       94%         4
 Flame Wave               Conj/Fire      0%         2d4       94%         4
 Sticky Flame             Conj/Fire      0%         2d3       94%         4
 Vhi's Electric Charge    Tloc/Air       0%         N/A       94%         4
 Arcjolt                  Conj/Air       0%         1d10      100%        5
 Death Channel            Necr           0%         N/A       100%        6
 Plasma Beam              Fire/Air       0%         2x1d10    100%        6
 Summon Hydra             Summ           0%         N/A       100%        7


Dungeon Overview and Level Annotations

Branches:
Dungeon (12/15)            Temple (0/1) D:7            Lair (0/5) D:11
    Orc (1/2) D:9         Ossuary (visited)

Altars:
Ashenzari
Okawaru
Qazlal
Trog
Xom

Shops:
D:1 *   D:7 :

Annotations:
D:7 3 runed translucent doors, MirrMurr's ghost, novice TeBe


Innate Abilities, Weirdness & Mutations

You are something dangerously unstable.
You glow with magical radiation, making you easy to see and hit.
Foes you strike become dangerously contaminated with magical radiation.
You are incapable of wielding weapons or throwing items.
You have a pair of large horns on your head.
You sometimes emit foul miasma when damaged in melee.
You have a tail ending in a sharp stinger.
Your touch may inflict irresistible damage on your foes.
You have sharp toenails.
You possess an exceptional clarity of mind.
Your mind is acute. (Int +4, Str/Dex -1)


Message History

You hit the vampire mosquito.
The vampire mosquito begins to glow.
Your kick misses the vampire mosquito. You tail-slap the vampire mosquito.
You touch the vampire mosquito!
The vampire mosquito is heavily damaged.
You block the vampire mosquito's attack.
The vampire mosquito closely misses you.
You punch the vampire mosquito!
You destroy the vampire mosquito!
Qazlal accepts your kill.
Unknown command.
No target in view!
No target in view!
No target in view!
You start resting.
A troll is nearby!
The troll bites you! The troll barely misses you.
The troll claws you but does no damage.
You see here a vampire mosquito corpse.
You are too injured to fight recklessly!
You are too injured to fight recklessly!
You are too injured to fight recklessly!
You are too injured to fight recklessly!
You are too injured to fight recklessly!
Unknown command.
You punch the troll!
The troll begins to glow.
Your kick misses the troll. Your headbutt misses the troll.
The troll is moderately wounded.
The troll bites you!
* * * LOW HITPOINT WARNING * * *
The troll claws you!
* * * LOW HITPOINT WARNING * * *
You emit a cloud of foul miasma!
The troll claws you.
* * * LOW HITPOINT WARNING * * *
The troll is engulfed in dark miasma.
The troll is poisoned.
You see here a vampire mosquito corpse.
You feel better. The troll bites you.
* * * LOW HITPOINT WARNING * * *
You emit a cloud of foul miasma!
You block the troll's attack. The troll claws you!
You die...

#########################
.........................
.......#...####..##......
.......#.........##......
.......#°................
.......#p§##########....#
......§T†.+ #....#
######....# #....# #....#
#....# #....# #....#
#.##.# #....# #. #.#
#..... #. ..# #.##.. ##
##


You could see a troll (poisoned, contam).

Vanquished Creatures
  5 two-headed ogres
  Pikel (D:8)
  An ugly thing (D:10)
  An elephant (D:11)
  Maurice (D:8)
  Jeremiah (D:9)
  3 trolls
  A hornet (D:9)
  Prince Ribbit (D:7)
  Sigmund (D:4)
  3 wyverns
  29 yaks
  A wraith (D:10)
  A vampire (D:10)
  A shadow (D:10)
  A steam dragon (D:8)
  3 basilisks (D:11)
  Eustachio (D:5)
  Menkaure (D:5)
  10 vampire mosquitoes
  A warg (D:9)
  Edmund (D:5)
  2 acid dragons
  A water moccasin (D:8)
  6 sky beasts
  4 orc warriors
  A black bear (D:6)
  5 centaurs
  3 phantoms
  4 lemures (D:8)
  A bullfrog (D:8)
  5 kobold brigands
  4 scorpions
  A wight (Ossuary)
  6 killer bees (D:10)
  6 howler monkeys (D:7)
  A bullfrog zombie (Ossuary)
  5 centaur zombies (Ossuary)
  3 jellies
  4 orc priests
  Crazy Yiuf (D:6)
  2 sleepcaps
  An iguana (D:4)
  Natasha (thrice) (D:4)
  12 orc wizards
  A scorpion zombie (Ossuary)
  3 gnolls (D:3)
  5 adders
  10 adder zombies (Ossuary)
  A dart slug (D:2)
  40 orcs
  7 ball pythons
  7 bats
  8 endoplasms
  3 giant cockroaches
  A gnoll zombie (Ossuary)
  7 goblins
  5 hobgoblins
  13 jackals
  33 kobolds
  5 quokkas
  3 frilled lizards (D:1)
  3 goblin zombies (Ossuary)
  5 hobgoblin zombies (Ossuary)
  An orc zombie (Ossuary)
  5 rats
316 creatures vanquished.

Notes
Turn   | Place    | Note
-------+----------+-------------------------------------------
     0 | D:1      | Avanven the Demonspawn Shapeshifter began the quest for the
                  | Orb.
     0 | D:1      | Reached XP level 1. HP: 15/15 MP: 1/1
   165 | D:1      | Reached skill level 3 in Unarmed Combat
   300 | D:1      | Discovered your monstrous ancestry.
   300 | D:1      | Gained mutation: You have a small tail. [demonic ancestry]
   300 | D:1      | Reached XP level 2. HP: 20/21 MP: 2/2
   533 | D:1      | Gained mutation: Your touch may inflict minor irresistible
                  | damage on your foes. [demonic ancestry]
   533 | D:1      | Reached XP level 3. HP: 26/26 MP: 3/3
   723 | D:1      | Found Sochit's General Store.
  1313 | D:2      | Reached skill level 4 in Unarmed Combat
  1313 | D:2      | Gained mutation: You have a pair of small horns on your
                  | head. [demonic ancestry]
  1313 | D:2      | Reached XP level 4. HP: 28/32 MP: 4/4
  2128 | D:4      | Found a broken altar of Ashenzari.
  2158 | D:4      | Gained mutation: Your touch may inflict irresistible damage
                  | on your foes. [demonic ancestry]
  2158 | D:4      | Reached XP level 5. HP: 37/37 MP: 5/5
  2161 | D:4      | Noticed Sigmund
  2171 | D:4      | Killed Sigmund
  2172 | D:4      | Reached skill level 5 in Unarmed Combat
  2172 | D:4      | Gained mutation: You have a pair of horns on your head.
                  | [demonic ancestry]
  2172 | D:4      | Reached XP level 6. HP: 26/43 MP: 6/6
  2251 | D:4      | Found a sand-covered staircase.
  2256 | D:4      | Noticed Natasha
  2264 | D:4      | Killed Natasha
  2292 | D:4      | Noticed Natasha
  2297 | D:4      | Killed Natasha
  2341 | Ossuary  | Entered an ossuary
  2408 | Ossuary  | Reached skill level 6 in Unarmed Combat
  2452 | Ossuary  | Reached XP level 7. HP: 29/48 MP: 7/7
  2756 | Ossuary  | Noticed a silent spectre
  2872 | D:4      | Gained mutation: You have sharp toenails. [potion of
                  | mutation]
  2872 | D:4      | Gained mutation: You possess an exceptional clarity of
                  | mind. [potion of mutation]
  2872 | D:4      | Gained mutation: You have a pair of large horns on your
                  | head. [potion of mutation]
  2872 | D:4      | Gained mutation: Your mind is acute. (Int +4, Str/Dex -1)
                  | [potion of mutation]
  2885 | D:4      | Reached skill level 7 in Unarmed Combat
  2885 | D:4      | Reached skill level 5 in Shapeshifting
  2898 | D:4      | Noticed Natasha
  2905 | D:4      | Killed Natasha
  3316 | D:5      | Entered Level 5 of the Dungeon
  3336 | D:5      | Identified the +3 dagger of a treasure trove {drain, rElec}
  3350 | D:5      | Noticed Eustachio
  3364 | D:5      | Killed Eustachio
  3365 | D:5      | Gained mutation: You have a tail ending in a sharp stinger.
                  | [demonic ancestry]
  3365 | D:5      | Reached XP level 8. HP: 40/54 MP: 8/8
  3634 | D:5      | Noticed Menkaure
  3638 | D:5      | Killed Menkaure
  3888 | D:5      | Noticed Edmund
  3892 | D:5      | Reached skill level 8 in Unarmed Combat
  3900 | D:5      | Killed Edmund
  4511 | D:6      | Reached skill level 9 in Unarmed Combat
  4777 | D:6      | Found a stormy altar of Qazlal.
  4787 | D:6      | Reached XP level 9. HP: 50/59 MP: 9/9
  4795 | D:6      | Became a worshipper of Qazlal Stormbringer
  5177 | D:6      | Found a runed translucent door.
  5178 | D:6      | Noticed Crazy Yiuf
  5258 | D:6      | Killed Crazy Yiuf
  5297 | D:7      | Found the macabre finger necklace {Finger+ rN+}
  5369 | D:7      | Identified the +3 dagger "Xeich" {heavy, Str+2 Dex+3}
  5393 | D:7      | Identified the +1 short sword of the Purse {vamp, Int+3}
  5511 | D:7      | Noticed Prince Ribbit
  5520 | D:7      | Killed Prince Ribbit
  5521 | D:7      | Reached skill level 10 in Unarmed Combat
  6142 | D:7      | Identified the +4 pair of gloves of the World {Fly}
  6237 | D:7      | Reached * piety under Qazlal
  6434 | D:7      | Found a runed translucent gate.
  6434 | D:7      | Found a runed translucent gate.
  6434 | D:7      | Found a runed translucent gate.
  6434 | D:7      | Noticed MirrMurr's ghost (novice TeBe)
  6507 | D:7      | Found Luczony's Book Boutique.
  6665 | D:7      | Found a staircase to the Ecumenical Temple.
  7173 | D:7      | Upgraded the game from 0.31-a0-1008-g5b978dac0e to
                  | 0.31-a0-1009-g454b1f1e0a
  7425 | D:8      | Reached skill level 11 in Unarmed Combat
  7435 | D:8      | Gained mutation: You may rarely emit foul miasma when
                  | damaged in melee. [demonic ancestry]
  7435 | D:8      | Reached XP level 10. HP: 18/65 MP: 10/10
  7715 | D:8      | Noticed Maurice
  7722 | D:8      | Maurice stole the macabre finger necklace {Finger+ rN+}
  7723 | D:8      | Killed Maurice
  8166 | D:8      | Reached ** piety under Qazlal
  8324 | D:8      | Reached skill level 12 in Unarmed Combat
  8390 | D:8      | Noticed Pikel
  8464 | D:8      | Killed Pikel
  8949 | D:9      | Found a shimmering altar of Xom.
  8949 | D:9      | Found a shimmering altar of Xom.
  8949 | D:9      | Found a shimmering altar of Xom.
  8950 | D:9      | Found a shimmering altar of Xom.
  9087 | D:9      | Found a shimmering altar of Xom.
  9089 | D:9      | Found a shimmering altar of Xom.
  9325 | D:9      | Noticed Jeremiah
  9332 | D:9      | Killed Jeremiah
  9366 | D:9      | Found a bloodstained altar of Trog.
  9456 | D:9      | Found an iron altar of Okawaru.
  9622 | D:9      | Mutation became permanent: You have a pair of horns on your
                  | head. [demonic ancestry]
  9622 | D:9      | Gained mutation: You have a pair of large horns on your
                  | head. [demonic ancestry]
  9622 | D:9      | Reached XP level 11. HP: 55/70 MP: 11/11
  9752 | D:9      | Reached skill level 13 in Unarmed Combat
 10143 | D:9      | Found a staircase to the Orcish Mines.
 10249 | D:10     | Entered Level 10 of the Dungeon
 10401 | D:10     | Noticed a two-headed ogre
 10437 | D:10     | Killed a two-headed ogre
 11366 | D:10     | Noticed a two-headed ogre
 11377 | D:10     | Killed a two-headed ogre
 11556 | D:10     | Noticed a cyan ugly thing
 11586 | D:10     | Killed a cyan ugly thing
 11587 | D:10     | Reached skill level 14 in Unarmed Combat
 11799 | D:10     | Noticed a two-headed ogre
 11916 | D:10     | Killed a two-headed ogre
 12296 | Orc:1    | Entered Level 1 of the Orcish Mines
 12310 | D:9      | Reached skill level 10 in Shapeshifting
 12776 | D:11     | Found a staircase to the Lair.
 12886 | D:11     | Gained mutation: You sometimes emit foul miasma when
                  | damaged in melee. [demonic ancestry]
 12886 | D:11     | Reached XP level 12. HP: 67/76 MP: 12/12
 13186 | D:11     | Noticed a two-headed ogre
 13190 | D:11     | Killed a two-headed ogre
 13270 | D:11     | Noticed a two-headed ogre
 13274 | D:11     | Killed a two-headed ogre
 13274 | D:11     | Reached *** piety under Qazlal
 13275 | D:11     | Reached skill level 15 in Unarmed Combat
 13826 | D:12     | Slain by a troll

Illustrated notes

Levels and vault maps discovered:
D:1:      nagdon_arrival_double_spiral, layout_basic, serial_shops, shop
D:2:      layout_rooms, nicolae_figureground_sparkle
D:3:      layout_basic
D:4:      layout_rooms, cheibrodos_ashenzari_chains,
          nicolae_ossuary_entry_ruins, uniq_sigmund, uniq_natasha
D:5:      layout_loops_corners, uniq_menkaure, uniq_eustachio, uniq_edmund
D:6:      layout_cave_pools, nicolae_qazlal_beasts_of_the_sky,
          minmay_crystal_water, uniq_crazy_yiuf_cottage
D:7:      layout_layer_cave, minmay_temple_entry_proselytizer,
          gammafunk_ghost_necromancy, serial_shops,
          nicolae_shop_tiny_statue_garden, uniq_prince_ribbit1
D:8:      layout_basic, serial_aquarium, aquarium_bridge_square
          [aquarium_subvault_wall, aquarium_subvault_wall,
          aquarium_subvault_bridge, aquarium_subvault_bridge],
          aquarium_window_1, aquarium_window_fake, aquarium_window_2,
          aquarium_view_2f, aquarium_view_2c, grunt_ministairs_15, uniq_pikel,
          uniq_maurice
D:9:      layout_loops_ring, tso_oasis_becter, xom_redecorated,
          amcnicky_altar_gilded, mainiacjoe_overflow_catwalk, orc_0_dummy,
          uniq_jeremiah
D:10:     minmay_recursive_quarters, layout_basic, minmay_misc_feat_plants,
          serial_bayou_pond_d
D:11:     layout_gridville, david_lair_generic
D:12:     layout_stronghold
Orc:1:    layout_diamond_mine, special_room [special_room_orc],
          einodemon_armed_red_devil_minivault, uniq_snorg, uniq_jorgrun

Skill      XL: |  1  2  3  4  5  6  7  8  9 10 11 12 |
---------------+-------------------------------------+-----
Unarmed Combat | 3 4 5 6 7 9 11 12 14 15 | 15.1
Shapeshifting  | 3 4 5 6 7 8 10 | 10.0
Dodging        | 2 3 |  3.5
Fighting       | |  1.0

Action                     |  1- 3 |  4- 6 |  7- 9 | 10-12 || total
---------------------------+-------+-------+-------+-------++-------
  Melee: Unarmed           |    98 |   118 |   203 |   323 ||   742
         Tailslap          |     7 |     9 |    24 |    63 ||   103
         Touch             |     7 |    18 |    29 |    63 ||   117
         Punch             |     1 |       |     7 |     2 ||    10
         Headbutt          |       |    22 |    44 |    90 ||   156
         Kick              |       |       |    59 |   148 ||   207
         Maw               |       |       |       |    11 ||    11
Ability: Begin Untransform |     1 |       |     1 |       ||     2
  Evoke: Wand              |       |       |       |    13 ||    13
    Use: Potion            |     1 |       |     3 |     4 ||     8
         Scroll            |       |       |    17 |     5 ||    22
   Stab: Sleeping          |     1 |     4 |     3 |       ||     8
 Armour: Animal skin       |    45 |    55 |   179 |   119 ||   398
         Skin              |    23 |       |       |    37 ||    60
         Robe              |       |       |       |    19 ||    19
  Dodge: Dodged            |    57 |    72 |   140 |   131 ||   400
  Block: Other             |       |       |     2 |    22 ||    24
   Form: Beast             |     1 |       |       |       ||     1
         Flux              |       |       |     1 |     1 ||     2
         Maw               |       |       |       |     1 ||     1

Table legend: (Time is in decaauts)
 A = Elapsed time spent in this place.
 B = Non-inter-level travel time spent in this place.
 C = Inter-level travel time spent in this place.
 D = Time resting spent in this place.
 E = Time spent auto-exploring this place.
 F = Levels seen in this place.
 G = Mean time per level.
                   A        B        C        D        E       F      G
               +--------+--------+--------+--------+--------+-----+--------+
         Total |  13727 |  13408 |    319 |   3595 |   7715 |  14 |  980.5 |
       Dungeon |  13203 |  12885 |    318 |   3341 |   7618 |  12 | 1100.2 |
  Orcish Mines |      8 |      8 |      0 |      0 |      0 |   1 |    8.0 |
       Ossuary |    515 |    515 |      0 |    254 |     97 |   1 |  515.0 |
               +--------+--------+--------+--------+--------+-----+--------+

Top non-repeatable levels by time:
    D:10: 1911 daAuts
     D:8: 1769 daAuts
     D:7: 1578 daAuts
    D:11: 1409 daAuts
     D:6: 1303 daAuts
     D:9: 1224 daAuts
     D:5: 1134 daAuts
     D:1: 1063 daAuts
     D:4: 681 daAuts
     D:3: 565 daAuts
 Ossuary: 515 daAuts
     D:2: 472 daAuts
    D:12: 87 daAuts
   Orc:1: 8 daAuts
